Tampa Bay Lightning vs Philadelphia Flyers
(R1)
Created - Thursday, May 25, 2023 at 09:56
Goals
|
| Tampa Bay Lightning |
1 |
0 |
1 |
2 |
| Philadelphia Flyers |
3 |
1 |
0 |
4 |
|
Shots
|
| Tampa Bay Lightning |
8 |
9 |
4 |
21 |
| Philadelphia Flyers |
14 |
17 |
4 |
35 |
|
1st period
1. Philadelphia Flyers , Elias Lindholm 23 (Carter Verhaeghe 19, Tyler Bertuzzi 29) at 2:19 (PP)
2. Philadelphia Flyers , Carter Verhaeghe 14 (Evan Rodrigues 17) at 2:37
3. Tampa Bay Lightning , Johnny Gaudreau 28 (Tomas Hertl 30) at 3:41
4. Philadelphia Flyers , Tyler Bertuzzi 30 (Elias Lindholm 42, Ben Chiarot 13) at 5:27
Penalties :
Roope Hintz (TBL) for Hooking (Minor) at 2:11, Kirill Kaprizov (TBL) for Goalie Interference (Minor) at 5:32, Tyler Bertuzzi (PHI) for Delaying the game (Minor) at 10:41, Hampus Lindholm (TBL) for Slashing (Minor) at 14:41
2nd period
5. Philadelphia Flyers , Tyler Bertuzzi 31 (Elias Lindholm 43) at 19:48 (PP)
Penalties :
T.J. Tynan (PHI) for Holding (Minor) at 1:29, Lars Eller (TBL) for Hooking (Minor) at 11:14, Ryan Graves (TBL) for Goalie Interference (Minor) at 18:42
3rd period
6. Tampa Bay Lightning , Gabriel Landeskog 29 (Moritz Seider 21, Kirill Kaprizov 42) at 3:28
Penalties :
Kirill Kaprizov (TBL) for Hooking (Minor) at 0:22, Oliver Ekman-Larsson (PHI) for Hooking (Minor) at 4:12, Gabriel Landeskog (TBL) for Hooking (Minor) at 7:59, Vladislav Gavrikov (TBL) for Hooking (Minor) at 12:45, Christian Dvorak (TBL) for Hooking (Minor) at 17:54
Goalie Stats
Darcy Kuemper (TBL), 31 saves from 35 shots - (0.886), L, 17-11-4, 60:00 minutes
Thomas Greiss (PHI), 19 saves from 21 shots - (0.905), W, 3-2-0, 60:00 minutes
Players Stats for Tampa Bay Lightning
Player Name G A P +/- PIM S H SB GA TA FO MP PP MP PK MP
------------------------------------------------------------------------------------
Alexander Kerfoot 0 0 0 -1 0 0 0 0 0 1 0/0 7:31 0:00 0:00
Alexander Romanov 0 0 0 -1 0 1 3 1 1 1 0/0 20:48 0:00 9:11
Anze Kopitar 0 0 0 0 0 2 1 0 3 0 17/30 21:34 2:43 8:30
Christian Dvorak 0 0 0 0 2 1 4 0 0 0 1/2 13:58 0:00 4:27
Connor Brown 0 0 0 1 0 0 4 0 1 0 0/0 15:40 0:02 4:52
Darnell Nurse 0 0 0 -1 0 0 2 1 0 1 0/0 24:02 3:19 5:56
Dylan Cozens 0 0 0 0 0 1 1 0 0 0 1/1 10:18 0:02 0:32
Gabriel Landeskog 1 0 1 0 2 2 2 1 0 0 0/0 13:29 2:43 0:00
Hampus Lindholm 0 0 0 -1 2 3 1 0 0 0 0/0 16:22 2:38 0:33
Ivan Barbashev 0 0 0 -1 0 0 3 0 0 0 0/1 7:50 0:02 0:00
Johnny Gaudreau 1 0 1 1 0 1 1 1 0 0 0/0 13:27 3:12 0:00
Kirill Kaprizov 0 1 1 0 4 2 3 0 1 0 0/0 15:33 3:12 1:32
Lars Eller 0 0 0 -1 2 1 1 1 0 0 2/4 10:32 0:00 1:51
Moritz Seider 0 1 1 2 0 1 1 2 1 0 0/0 15:56 3:19 1:11
Roope Hintz 0 0 0 0 2 1 0 0 1 0 2/5 12:32 2:43 0:00
Ryan Graves 0 0 0 2 2 1 0 1 0 0 0/0 20:45 2:38 5:52
Tomas Hertl 0 1 1 1 0 4 2 2 0 0 6/11 21:47 3:12 8:30
Vladislav Gavrikov 0 0 0 -1 2 0 0 2 0 2 0/0 22:40 0:00 7:31
Players Stats for Philadelphia Flyers
Player Name G A P +/- PIM S H SB GA TA FO MP PP MP PK MP
------------------------------------------------------------------------------------
Adam Ruzicka 0 0 0 0 0 3 0 0 0 0 0/0 10:05 0:00 0:00
Alexander Barabanov 0 0 0 -1 0 1 0 0 0 1 1/1 13:58 0:21 1:41
Alexander Edler 0 0 0 0 0 0 3 0 0 0 0/0 21:36 6:08 1:10
Artem Zub 0 0 0 0 0 0 0 1 1 0 0/0 13:56 0:00 0:00
Ben Chiarot 0 1 1 0 0 2 2 1 0 2 0/0 15:21 0:00 3:02
Carter Verhaeghe 1 1 2 1 0 2 0 0 0 1 0/0 21:30 8:07 2:53
Elias Lindholm 1 2 3 -1 0 2 1 0 0 0 8/21 20:50 7:56 2:25
Evan Rodrigues 0 1 1 1 0 4 1 0 2 0 7/14 17:03 6:50 0:00
Evgenii Dadonov 0 0 0 0 0 1 0 0 0 0 0/1 8:02 0:10 0:00
Justin Faulk 0 0 0 0 0 2 2 0 0 1 0/0 24:43 8:59 2:53
Marcus Johansson 0 0 0 0 0 1 1 0 0 0 0/0 14:22 6:53 0:39
Matt Boldy 0 0 0 1 0 2 0 0 0 0 2/4 17:02 6:50 0:00
Matt Roy 0 0 0 0 0 1 2 0 0 1 0/0 21:35 6:08 3:04
Oliver Ekman-Larsson 0 0 0 0 2 4 0 4 1 1 0/0 23:20 8:59 1:45
Riley Sheahan 0 0 0 0 0 0 1 0 0 0 3/8 10:54 0:18 2:53
T.J. Tynan 0 0 0 0 2 2 1 0 0 0 2/3 10:04 0:00 0:00
Tomas Tatar 0 0 0 0 0 2 3 0 1 1 1/1 10:05 0:00 0:00
Tyler Bertuzzi 2 1 3 -1 2 6 2 0 0 0 1/1 19:34 7:56 1:23
3 Stars
1 - Tyler Bertuzzi (PHI)
2 - Elias Lindholm (PHI)
3 - Carter Verhaeghe (PHI)
Power Play
Tampa Bay Lightning - 0 on 3 Attempt(s) - 0.00%
Philadelphia Flyers - 2 on 9 Attempt(s) - 22.22%
Penalty Kill
Tampa Bay Lightning - 7 on 9 Attempt(s) - 77.78%
- Score 0 goal in Penalty Kill
Philadelphia Flyers - 3 on 3 Attempt(s) - 100.00%
- Score 0 goal in Penalty Kill
Team Stat
Tampa Bay Lightning - Hits : 29 - Faceoff Wins : 29 - Blocked Shots : 12 - Penalty Minutes : 18
Philadelphia Flyers - Hits : 19 - Faceoff Wins : 25 - Blocked Shots : 6 - Penalty Minutes : 6
Official
Referees : Kelly Sutherland and Tom Kowal
Linesman : Lonnie Cameron and Darren Gibbs
Game Notes
No Game Note
Finance
Level 1 -- Attendance: 6000 (100.00%) -- Ticket Income $582,000
Level 2 -- Attendance: 4611 (92.22%) -- Ticket Income $262,827
Level 3 -- Attendance: 2759 (91.97%) -- Ticket Income $93,806
Level 4 -- Attendance: 4520 (90.40%) -- Ticket Income $103,960
Luxury Box -- Attendance: 872 (87.20%) -- Ticket Income $170,040
Game was played at the Wells Fargo Center.
Total Attendance: 18762 (93.81%)
Total Ticket Income: $1,212,633
Other Income: $424,422
Total Income: $1,637,055
Tampa Bay Lightning
5 vs 5 Forward
Center Left Wing Right Wing Time % Phy DF OF
1 Anze Kopitar Gabriel Landeskog Kirill Kaprizov 35 1 2 2
2 Tomas Hertl Johnny Gaudreau Connor Brown 32 1 2 2
3 Roope Hintz Christian Dvorak Dylan Cozens 28 1 2 2
4 Lars Eller Alexander Kerfoot Ivan Barbashev 5 1 2 2
5 vs 5 Defense
Defense Defense Time % Phy DF OF
1 Darnell Nurse Vladislav Gavrikov 40 1 2 2
2 Moritz Seider Ryan Graves 35 1 2 2
3 Hampus Lindholm Alexander Romanov 25 1 2 2
4 Darnell Nurse Vladislav Gavrikov 0 1 2 2
PowerPlay Forward
Center Left Wing Right Wing Time % Phy DF OF
1 Tomas Hertl Johnny Gaudreau Kirill Kaprizov 60 1 2 2
2 Anze Kopitar Roope Hintz Gabriel Landeskog 40 1 2 2
PowerPlay Defense
Defense Defense Time % Phy DF OF
1 Moritz Seider Darnell Nurse 60 1 2 2
2 Hampus Lindholm Ryan Graves 40 1 2 2
Penalty Kill 4 Players Forward
Center Wing Time % Phy DF OF
1 Anze Kopitar Tomas Hertl 60 1 2 2
2 Christian Dvorak Connor Brown 40 1 2 2
Penalty Kill 4 Players Defense
Defense Defense Time % Phy DF OF
1 Alexander Romanov Vladislav Gavrikov 60 1 2 2
2 Ryan Graves Darnell Nurse 40 1 2 2
Penalty Kill - 3 Players Forward
Forward Time % Phy DF OF
1 Tomas Hertl 60 1 2 2
2 Anze Kopitar 40 1 2 2
Penalty Kill - 3 Players Defense
Defense Defense Time % Phy DF OF
1 Alexander Romanov Vladislav Gavrikov 60 1 2 2
2 Ryan Graves Darnell Nurse 40 1 2 2
4 vs 4 Forward
Center Wing Time % Phy DF OF
1 Anze Kopitar Gabriel Landeskog 60 1 2 2
2 Tomas Hertl Connor Brown 40 1 2 2
4 vs 4 Defense
Defense Defense Time % Phy DF OF
1 Darnell Nurse Vladislav Gavrikov 60 1 2 2
2 Moritz Seider Ryan Graves 40 1 2 2
Last Minutes Offensive
Center Left Wing Right Wing Defense Defense
Anze Kopitar Gabriel Landeskog Kirill Kaprizov Darnell Nurse Moritz Seider
Last Minutes Defensive
Center Left Wing Right Wing Defense Defense
Anze Kopitar Tomas Hertl Connor Brown Darnell Nurse Vladislav Gavrikov
Goaltenders
Starting : Darcy Kuemper
Backup : Jeremy Swayman
Extra Forwards
Normal : Kirill Kaprizov, Gabriel Landeskog, Dylan Cozens - PP : Dylan Cozens, Ivan Barbashev - PK : Lars Eller
Extra Defensemen
Normal : Moritz Seider, Darnell Nurse, Hampus Lindholm - PP : Vladislav Gavrikov - PK : Moritz Seider, Hampus Lindholm
Penalty Shots
Christian Dvorak, Anze Kopitar, Kirill Kaprizov, Johnny Gaudreau, Alexander Kerfoot
Philadelphia Flyers
5 vs 5 Forward
Center Left Wing Right Wing Time % Phy DF OF
1 Elias Lindholm Tyler Bertuzzi Alexander Barabanov 30 0 3 2
2 Evan Rodrigues Carter Verhaeghe Matt Boldy 30 0 3 2
3 Riley Sheahan Marcus Johansson Evgenii Dadonov 20 0 3 2
4 T.J. Tynan Adam Ruzicka Tomas Tatar 20 0 3 2
5 vs 5 Defense
Defense Defense Time % Phy DF OF
1 Justin Faulk Ben Chiarot 35 0 3 2
2 Oliver Ekman-Larsson Matt Roy 35 0 3 2
3 Alexander Edler Artem Zub 30 0 3 2
4 Justin Faulk Ben Chiarot 0 0 3 2
PowerPlay Forward
Center Left Wing Right Wing Time % Phy DF OF
1 Elias Lindholm Tyler Bertuzzi Carter Verhaeghe 55 0 1 4
2 Evan Rodrigues Marcus Johansson Matt Boldy 45 0 1 4
PowerPlay Defense
Defense Defense Time % Phy DF OF
1 Justin Faulk Oliver Ekman-Larsson 55 0 1 4
2 Alexander Edler Matt Roy 45 0 1 4
Penalty Kill 4 Players Forward
Center Wing Time % Phy DF OF
1 Riley Sheahan Carter Verhaeghe 55 0 4 1
2 Elias Lindholm Tyler Bertuzzi 45 0 4 1
Penalty Kill 4 Players Defense
Defense Defense Time % Phy DF OF
1 Justin Faulk Ben Chiarot 50 0 4 1
2 Oliver Ekman-Larsson Matt Roy 50 0 4 1
Penalty Kill - 3 Players Forward
Forward Time % Phy DF OF
1 Riley Sheahan 50 0 5 0
2 Elias Lindholm 50 0 5 0
Penalty Kill - 3 Players Defense
Defense Defense Time % Phy DF OF
1 Justin Faulk Ben Chiarot 50 0 5 0
2 Oliver Ekman-Larsson Matt Roy 50 0 5 0
4 vs 4 Forward
Center Wing Time % Phy DF OF
1 Elias Lindholm Tyler Bertuzzi 50 0 3 2
2 Evan Rodrigues Carter Verhaeghe 50 0 3 2
4 vs 4 Defense
Defense Defense Time % Phy DF OF
1 Justin Faulk Ben Chiarot 50 0 3 2
2 Oliver Ekman-Larsson Matt Roy 50 0 3 2
Last Minutes Offensive
Center Left Wing Right Wing Defense Defense
Elias Lindholm Tyler Bertuzzi Carter Verhaeghe Justin Faulk Oliver Ekman-Larsson
Last Minutes Defensive
Center Left Wing Right Wing Defense Defense
Elias Lindholm Riley Sheahan Tyler Bertuzzi Ben Chiarot Matt Roy
Goaltenders
Starting : Thomas Greiss
Backup : Mackenzie Blackwood
Extra Forwards
Normal : Matt Boldy, Elias Lindholm, Carter Verhaeghe - PP : Matt Boldy, Elias Lindholm - PK : Elias Lindholm
Extra Defensemen
Normal : Justin Faulk, Oliver Ekman-Larsson, Alexander Edler - PP : Justin Faulk - PK : Ben Chiarot, Alexander Edler
Penalty Shots
Elias Lindholm, Tyler Bertuzzi, Matt Boldy, Carter Verhaeghe, Evan Rodrigues
% Time on Ice - Tampa Bay Lightning
Lines # - Real PCT - Wanted PCT - Time Play
Normal Forward
1 - 29% - 35% - 11:06
2 - 29% - 32% - 11:06
3 - 24% - 28% - 9:13
4 - 19% - 5% - 7:31
Normal Defense
1 - 37% - 40% - 14:34
2 - 36% - 35% - 13:53
3 - 27% - 25% - 10:29
4 - 0% - 0% - 0:00
PP Forward
1 - 54% - 60% - 3:14
2 - 46% - 40% - 2:43
PP Defense
1 - 56% - 60% - 3:19
2 - 44% - 40% - 2:38
PK Forward
1 - 68% - 60% - 10:15
2 - 32% - 40% - 4:52
PK Defense
1 - 61% - 60% - 9:11
2 - 39% - 40% - 5:56
PK3 Forward
1 - 0% - 60%
2 - 0% - 40%
PK3 Defense
1 - 0% - 60%
2 - 0% - 40%
44 Forward
1 - 0% - 60%
2 - 0% - 40%
44 Defense
1 - 0% - 60%
2 - 0% - 40%
Last Minute Offensive - 0:00
Last Minute Defensive - 0:00
Total
Forward - 60:00
Defense - 60:00
|
% Time on Ice - Philadelphia Flyers
Lines # - Real PCT - Wanted PCT - Time Play
Normal Forward
1 - 28% - 30% - 10:47
2 - 30% - 30% - 11:37
3 - 17% - 20% - 6:27
4 - 26% - 20% - 10:05
Normal Defense
1 - 33% - 35% - 12:51
2 - 32% - 35% - 12:23
3 - 35% - 30% - 13:42
4 - 0% - 0% - 0:00
PP Forward
1 - 54% - 55% - 8:12
2 - 46% - 45% - 6:55
PP Defense
1 - 59% - 55% - 8:59
2 - 41% - 45% - 6:08
PK Forward
1 - 59% - 55% - 3:32
2 - 41% - 45% - 2:25
PK Defense
1 - 48% - 50% - 2:53
2 - 52% - 50% - 3:04
PK3 Forward
1 - 0% - 50%
2 - 0% - 50%
PK3 Defense
1 - 0% - 50%
2 - 0% - 50%
44 Forward
1 - 0% - 50%
2 - 0% - 50%
44 Defense
1 - 0% - 50%
2 - 0% - 50%
Last Minute Offensive - 0:00
Last Minute Defensive - 0:00
Total
Forward - 60:00
Defense - 60:00
|
Play-by-Play
1st period
0:01 of 1st period - Anze Kopitar wins face-off versus Elias Lindholm in neutral zone.
0:28 of 1st period - Wrist shot by Roope Hintz.
0:28 of 1st period - Deflect By Christian Dvorak.
0:28 of 1st period - Stopped by Thomas Greiss without a rebound.
0:29 of 1st period - Roope Hintz wins face-off versus Evan Rodrigues in Philadelphia Flyers zone.
0:32 of 1st period - Wrist shot by Roope Hintz.
0:32 of 1st period - Stopped by Thomas Greiss with a rebound.
0:34 of 1st period - Slapshot by Moritz Seider.
0:34 of 1st period - Shot Blocked by Oliver Ekman-Larsson.
0:36 of 1st period - Slapshot by Moritz Seider.
0:36 of 1st period - Stopped by Thomas Greiss with a rebound.
0:40 of 1st period - Snap shot by Roope Hintz.
0:40 of 1st period - Shot Misses the Net.
1:00 of 1st period - Snap shot by Lars Eller.
1:00 of 1st period - Stopped by Thomas Greiss without a rebound.
1:01 of 1st period - Riley Sheahan wins face-off versus Ivan Barbashev in Philadelphia Flyers zone.
1:31 of 1st period - Snap shot by Johnny Gaudreau.
1:31 of 1st period - Shot Misses the Net.
2:11 of 1st period - Minor Penalty to Roope Hintz for Hooking.
2:12 of 1st period - Elias Lindholm wins face-off versus Anze Kopitar in Tampa Bay Lightning zone.
2:17 of 1st period - Snap shot by Carter Verhaeghe.
2:17 of 1st period - Shot Misses the Net.
2:19 of 1st period - Snap shot by Elias Lindholm.
2:19 of 1st period - Goal by Elias Lindholm - Tampa Bay Lightning : 0 - Philadelphia Flyers : 1.
2:20 of 1st period - Tomas Hertl wins face-off versus Riley Sheahan in neutral zone.
2:35 of 1st period - Snap shot by Evgenii Dadonov.
2:35 of 1st period - Stopped by Darcy Kuemper without a rebound.
2:36 of 1st period - Evan Rodrigues wins face-off versus Anze Kopitar in Tampa Bay Lightning zone.
2:37 of 1st period - Wrist shot by Carter Verhaeghe.
2:37 of 1st period - Goal by Carter Verhaeghe - Tampa Bay Lightning : 0 - Philadelphia Flyers : 2.
2:38 of 1st period - Evan Rodrigues wins face-off versus Anze Kopitar in neutral zone.
2:43 of 1st period - Snap shot by Evan Rodrigues.
2:43 of 1st period - Stopped by Darcy Kuemper without a rebound.
2:44 of 1st period - Evan Rodrigues wins face-off versus Anze Kopitar in Tampa Bay Lightning zone.
3:31 of 1st period - Wrist shot by Adam Ruzicka.
3:31 of 1st period - Stopped by Darcy Kuemper with a rebound.
3:33 of 1st period - Wrist shot by Elias Lindholm.
3:33 of 1st period - Stopped by Darcy Kuemper without a rebound.
3:34 of 1st period - Tomas Hertl wins face-off versus Elias Lindholm in Tampa Bay Lightning zone.
3:41 of 1st period - Slapshot by Johnny Gaudreau.
3:41 of 1st period - Goal by Johnny Gaudreau - Tampa Bay Lightning : 1 - Philadelphia Flyers : 2.
3:42 of 1st period - Christian Dvorak wins face-off versus Riley Sheahan in neutral zone.
5:05 of 1st period - Wrist shot by Alexander Kerfoot.
5:05 of 1st period - Shot Blocked by Ben Chiarot.
5:25 of 1st period - Snap shot by Tyler Bertuzzi.
5:25 of 1st period - Stopped by Darcy Kuemper with a rebound.
5:27 of 1st period - Wrist shot by Tyler Bertuzzi.
5:27 of 1st period - Goal by Tyler Bertuzzi - Tampa Bay Lightning : 1 - Philadelphia Flyers : 3.
5:28 of 1st period - Evan Rodrigues wins face-off versus Anze Kopitar in neutral zone.
5:32 of 1st period - Minor Penalty to Kirill Kaprizov for Goalie Interference.
5:33 of 1st period - Anze Kopitar wins face-off versus Evan Rodrigues in Tampa Bay Lightning zone.
7:32 of 1st period - Penalty to Kirill Kaprizov is over, Kirill Kaprizov is back on ice.
7:39 of 1st period - Matt Roy is hit by Ivan Barbashev and loses puck.
7:48 of 1st period - Wrist shot by Alexander Kerfoot.
7:48 of 1st period - Deflect By Ivan Barbashev.
7:48 of 1st period - Shot Misses the Net.
7:48 of 1st period - Puck is out of play.
7:49 of 1st period - T.J. Tynan wins face-off versus Roope Hintz in Philadelphia Flyers zone.
7:56 of 1st period - Wrist shot by Adam Ruzicka.
7:56 of 1st period - Shot Misses the Net.
7:58 of 1st period - Wrist shot by T.J. Tynan.
7:58 of 1st period - Shot Misses the Net.
8:02 of 1st period - Wrist shot by Tomas Tatar.
8:02 of 1st period - Stopped by Darcy Kuemper with a rebound.
8:16 of 1st period - Slapshot by Gabriel Landeskog.
8:16 of 1st period - Stopped by Thomas Greiss with a rebound.
8:18 of 1st period - Snap shot by Anze Kopitar.
8:18 of 1st period - Stopped by Thomas Greiss with a rebound.
8:28 of 1st period - Tomas Hertl is hit by Evan Rodrigues and loses puck.
8:33 of 1st period - Snap shot by Evan Rodrigues.
8:33 of 1st period - Shot Misses the Net.
8:35 of 1st period - Slapshot by Evan Rodrigues.
8:35 of 1st period - Shot Blocked by Johnny Gaudreau.
9:09 of 1st period - Off-side.
9:10 of 1st period - Tomas Tatar wins face-off versus Anze Kopitar in neutral zone.
10:14 of 1st period - Riley Sheahan is hit by Anze Kopitar and loses puck.
10:41 of 1st period - Minor Penalty to Tyler Bertuzzi for Delaying the game.
10:42 of 1st period - Riley Sheahan wins face-off versus Tomas Hertl in Philadelphia Flyers zone.
11:09 of 1st period - Gabriel Landeskog is hit by Elias Lindholm and loses puck.
12:06 of 1st period - Elias Lindholm is hit by Tomas Hertl and loses puck.
12:41 of 1st period - Penalty to Tyler Bertuzzi is over, Tyler Bertuzzi is back on ice.
12:47 of 1st period - Snap shot by Tomas Tatar.
12:47 of 1st period - Shot Misses the Net.
13:24 of 1st period - Hampus Lindholm is hit by Marcus Johansson and loses puck.
14:24 of 1st period - Snap shot by Marcus Johansson.
14:24 of 1st period - Stopped by Darcy Kuemper without a rebound.
14:25 of 1st period - Anze Kopitar wins face-off versus Riley Sheahan in Tampa Bay Lightning zone.
14:25 of 1st period - Anze Kopitar is hit by Riley Sheahan.
14:41 of 1st period - Minor Penalty to Hampus Lindholm for Slashing.
14:42 of 1st period - Elias Lindholm wins face-off versus Anze Kopitar in Tampa Bay Lightning zone.
15:09 of 1st period - Tomas Hertl is hit by Justin Faulk and loses puck.
15:18 of 1st period - Wrist shot by Matt Boldy.
15:18 of 1st period - Shot Misses the Net.
16:41 of 1st period - Penalty to Hampus Lindholm is over, Hampus Lindholm is back on ice.
16:52 of 1st period - Ryan Graves is hit by Alexander Edler and loses puck.
16:57 of 1st period - Slapshot by Tomas Tatar.
16:57 of 1st period - Stopped by Darcy Kuemper with a rebound.
16:59 of 1st period - Slapshot by Alexander Edler.
16:59 of 1st period - Shot Blocked by Lars Eller.
17:11 of 1st period - Marcus Johansson is hit by Kirill Kaprizov and loses puck.
17:16 of 1st period - Snap shot by Kirill Kaprizov.
17:16 of 1st period - Shot Misses the Net.
17:46 of 1st period - Connor Brown is hit by Justin Faulk and loses puck.
18:10 of 1st period - Elias Lindholm is hit by Alexander Romanov and loses puck.
18:35 of 1st period - Matt Roy is hit by Moritz Seider and loses puck.
18:52 of 1st period - Snap shot by Tomas Hertl.
18:52 of 1st period - Shot Misses the Net.
18:54 of 1st period - Slapshot by Ryan Graves.
18:54 of 1st period - Stopped by Thomas Greiss without a rebound.
18:55 of 1st period - Matt Boldy wins face-off versus Christian Dvorak in Philadelphia Flyers zone.
19:02 of 1st period - Wrist shot by Evan Rodrigues.
19:02 of 1st period - Shot Blocked by Alexander Romanov.
19:22 of 1st period - Artem Zub is hit by Gabriel Landeskog.
19:49 of 1st period - Snap shot by Alexander Barabanov.
19:49 of 1st period - Deflect By Connor Brown.
19:49 of 1st period - Shot Blocked by Darnell Nurse.
19:49 of 1st period - Puck is out of play.
19:50 of 1st period - Elias Lindholm wins face-off versus Tomas Hertl in Tampa Bay Lightning zone.
19:51 of 1st period - Wrist shot by Tyler Bertuzzi.
19:51 of 1st period - Shot Misses the Net.
19:53 of 1st period - Wrist shot by Alexander Barabanov.
19:53 of 1st period - Shot Blocked by Tomas Hertl.
19:55 of 1st period - Snap shot by Oliver Ekman-Larsson.
19:55 of 1st period - Deflect By Connor Brown.
19:55 of 1st period - Stopped by Darcy Kuemper with a rebound.
19:57 of 1st period - Wrist shot by Matt Roy.
19:57 of 1st period - Stopped by Darcy Kuemper with a rebound.
19:59 of 1st period - Wrist shot by Tyler Bertuzzi.
19:59 of 1st period - Stopped by Darcy Kuemper without a rebound.
Goals for this period are 1 for Tampa Bay Lightning vs 3 for Philadelphia Flyers.
Shots for this period are 8 for Tampa Bay Lightning vs 14 for Philadelphia Flyers.
2nd period
0:01 of 2nd period - Anze Kopitar wins face-off versus Evan Rodrigues in neutral zone.
0:18 of 2nd period - Icing by Anze Kopitar.
0:19 of 2nd period - Anze Kopitar wins face-off versus Elias Lindholm in Tampa Bay Lightning zone.
0:46 of 2nd period - Darnell Nurse is hit by Ben Chiarot and loses puck.
1:29 of 2nd period - Minor Penalty to T.J. Tynan for Holding.
1:30 of 2nd period - Tomas Hertl wins face-off versus Riley Sheahan in Philadelphia Flyers zone.
3:19 of 2nd period - Darnell Nurse is hit by Tyler Bertuzzi and loses puck.
3:29 of 2nd period - Penalty to T.J. Tynan is over, T.J. Tynan is back on ice.
3:44 of 2nd period - Snap shot by T.J. Tynan.
3:44 of 2nd period - Stopped by Darcy Kuemper without a rebound.
3:45 of 2nd period - Matt Boldy wins face-off versus Lars Eller in Tampa Bay Lightning zone.
4:15 of 2nd period - Snap shot by Dylan Cozens.
4:15 of 2nd period - Stopped by Thomas Greiss with a rebound.
4:50 of 2nd period - Ryan Graves is hit by Tomas Tatar and loses puck.
4:57 of 2nd period - Snap shot by T.J. Tynan.
4:57 of 2nd period - Stopped by Darcy Kuemper with a rebound.
4:59 of 2nd period - Slapshot by Justin Faulk.
4:59 of 2nd period - Stopped by Darcy Kuemper with a rebound.
5:01 of 2nd period - Slapshot by Justin Faulk.
5:01 of 2nd period - Deflect By T.J. Tynan.
5:01 of 2nd period - Shot Misses the Net.
5:01 of 2nd period - Puck is out of play.
5:02 of 2nd period - Evan Rodrigues wins face-off versus Roope Hintz in Tampa Bay Lightning zone.
5:03 of 2nd period - Slapshot by Matt Boldy.
5:03 of 2nd period - Stopped by Darcy Kuemper without a rebound.
5:04 of 2nd period - Evan Rodrigues wins face-off versus Roope Hintz in Tampa Bay Lightning zone.
5:07 of 2nd period - Snap shot by Evan Rodrigues.
5:07 of 2nd period - Stopped by Darcy Kuemper with a rebound.
5:13 of 2nd period - Evan Rodrigues is hit by Hampus Lindholm and loses puck.
5:20 of 2nd period - Snap shot by Roope Hintz.
5:20 of 2nd period - Shot Misses the Net.
5:30 of 2nd period - Snap shot by Johnny Gaudreau.
5:30 of 2nd period - Shot Misses the Net.
5:34 of 2nd period - Slapshot by Johnny Gaudreau.
5:34 of 2nd period - Shot Misses the Net.
5:36 of 2nd period - Slapshot by Hampus Lindholm.
5:36 of 2nd period - Shot Misses the Net.
5:38 of 2nd period - Slapshot by Hampus Lindholm.
5:38 of 2nd period - Stopped by Thomas Greiss with a rebound.
5:40 of 2nd period - Wrist shot by Johnny Gaudreau.
5:40 of 2nd period - Shot Blocked by Oliver Ekman-Larsson.
5:42 of 2nd period - Wrist shot by Tomas Hertl.
5:42 of 2nd period - Stopped by Thomas Greiss with a rebound.
5:56 of 2nd period - Snap shot by Evan Rodrigues.
5:56 of 2nd period - Stopped by Darcy Kuemper with a rebound.
5:58 of 2nd period - Slapshot by Oliver Ekman-Larsson.
5:58 of 2nd period - Stopped by Darcy Kuemper without a rebound.
5:59 of 2nd period - Anze Kopitar wins face-off versus Elias Lindholm in Tampa Bay Lightning zone.
6:41 of 2nd period - Wrist shot by Elias Lindholm.
6:41 of 2nd period - Shot Blocked by Ryan Graves.
7:14 of 2nd period - Slapshot by Anze Kopitar.
7:14 of 2nd period - Stopped by Thomas Greiss with a rebound.
7:16 of 2nd period - Snap shot by Anze Kopitar.
7:16 of 2nd period - Deflect By Kirill Kaprizov.
7:16 of 2nd period - Stopped by Thomas Greiss with a rebound.
7:59 of 2nd period - Wrist shot by Kirill Kaprizov.
7:59 of 2nd period - Stopped by Thomas Greiss without a rebound.
8:00 of 2nd period - Tomas Hertl wins face-off versus Evan Rodrigues in Philadelphia Flyers zone.
8:25 of 2nd period - Evgenii Dadonov is hit by Christian Dvorak and loses puck.
8:54 of 2nd period - Adam Ruzicka is hit by Ivan Barbashev.
9:06 of 2nd period - Slapshot by Ben Chiarot.
9:06 of 2nd period - Shot Misses the Net.
9:08 of 2nd period - Slapshot by Justin Faulk.
9:08 of 2nd period - Shot Blocked by Vladislav Gavrikov.
9:10 of 2nd period - Backhand shot by Evan Rodrigues.
9:10 of 2nd period - Stopped by Darcy Kuemper without a rebound.
9:11 of 2nd period - Roope Hintz wins face-off versus Evgenii Dadonov in Tampa Bay Lightning zone.
9:45 of 2nd period - Slapshot by Matt Boldy.
9:45 of 2nd period - Shot Blocked by Tomas Hertl.
9:59 of 2nd period - Alexander Kerfoot is hit by Tomas Tatar and loses puck.
10:22 of 2nd period - Wrist shot by Dylan Cozens.
10:22 of 2nd period - Shot Misses the Net.
10:24 of 2nd period - Slapshot by Hampus Lindholm.
10:24 of 2nd period - Stopped by Thomas Greiss with a rebound.
10:26 of 2nd period - Wrist shot by Hampus Lindholm.
10:26 of 2nd period - Deflect By Marcus Johansson.
10:26 of 2nd period - Stopped by Thomas Greiss with a rebound.
10:48 of 2nd period - Wrist shot by Matt Boldy.
10:48 of 2nd period - Shot Misses the Net.
11:14 of 2nd period - Minor Penalty to Lars Eller for Hooking.
11:15 of 2nd period - Elias Lindholm wins face-off versus Anze Kopitar in Tampa Bay Lightning zone.
12:26 of 2nd period - Evan Rodrigues is hit by Kirill Kaprizov and loses puck.
12:43 of 2nd period - Matt Roy is hit by Connor Brown and loses puck.
12:56 of 2nd period - Justin Faulk is hit by Alexander Romanov and loses puck.
13:14 of 2nd period - Penalty to Lars Eller is over, Lars Eller is back on ice.
13:21 of 2nd period - Slapshot by Justin Faulk.
13:21 of 2nd period - Deflect By Adam Ruzicka.
13:21 of 2nd period - Stopped by Darcy Kuemper with a rebound.
13:23 of 2nd period - Slapshot by Adam Ruzicka.
13:23 of 2nd period - Stopped by Darcy Kuemper with a rebound.
13:25 of 2nd period - Wrist shot by T.J. Tynan.
13:25 of 2nd period - Shot Blocked by Vladislav Gavrikov.
13:27 of 2nd period - Slapshot by Oliver Ekman-Larsson.
13:27 of 2nd period - Deflect By Vladislav Gavrikov.
13:27 of 2nd period - Stopped by Darcy Kuemper with a rebound.
14:11 of 2nd period - T.J. Tynan is hit by Christian Dvorak and loses puck.
15:50 of 2nd period - Alexander Barabanov is hit by Ivan Barbashev and loses puck.
16:07 of 2nd period - Roope Hintz is hit by T.J. Tynan and loses puck.
16:13 of 2nd period - Icing by Hampus Lindholm.
16:14 of 2nd period - Dylan Cozens wins face-off versus Riley Sheahan in Tampa Bay Lightning zone.
16:19 of 2nd period - Riley Sheahan is hit by Christian Dvorak.
16:36 of 2nd period - Roope Hintz is hit by Ben Chiarot and loses puck.
17:21 of 2nd period - Dylan Cozens is hit by Tomas Tatar and loses puck.
17:34 of 2nd period - Dylan Cozens is hit by Matt Roy and loses puck.
17:47 of 2nd period - Marcus Johansson is hit by Johnny Gaudreau and loses puck.
17:52 of 2nd period - Wrist shot by Tomas Hertl.
17:52 of 2nd period - Stopped by Thomas Greiss without a rebound.
17:53 of 2nd period - Anze Kopitar wins face-off versus Evan Rodrigues in Philadelphia Flyers zone.
17:54 of 2nd period - Wrist shot by Kirill Kaprizov.
17:54 of 2nd period - Shot Misses the Net.
18:24 of 2nd period - Wrist shot by Tyler Bertuzzi.
18:24 of 2nd period - Shot Blocked by Moritz Seider.
18:26 of 2nd period - Snap shot by Elias Lindholm.
18:26 of 2nd period - Shot Hit the Post.
18:28 of 2nd period - Snap shot by Alexander Edler.
18:28 of 2nd period - Shot Blocked by Moritz Seider.
18:30 of 2nd period - Wrist shot by Alexander Barabanov.
18:30 of 2nd period - Stopped by Darcy Kuemper with a rebound.
18:42 of 2nd period - Minor Penalty to Ryan Graves for Goalie Interference.
18:43 of 2nd period - Tyler Bertuzzi wins face-off versus Anze Kopitar in Tampa Bay Lightning zone.
18:44 of 2nd period - Snap shot by Carter Verhaeghe.
18:44 of 2nd period - Stopped by Darcy Kuemper without a rebound.
18:45 of 2nd period - Anze Kopitar wins face-off versus Elias Lindholm in Tampa Bay Lightning zone.
18:51 of 2nd period - Icing by Oliver Ekman-Larsson.
18:52 of 2nd period - Anze Kopitar wins face-off versus Elias Lindholm in Philadelphia Flyers zone.
19:01 of 2nd period - Slapshot by Anze Kopitar.
19:01 of 2nd period - Shot Misses the Net.
19:07 of 2nd period - Snap shot by Tyler Bertuzzi.
19:07 of 2nd period - Stopped by Darcy Kuemper without a rebound.
19:08 of 2nd period - Anze Kopitar wins face-off versus Evan Rodrigues in Tampa Bay Lightning zone.
19:40 of 2nd period - Slapshot by Justin Faulk.
19:40 of 2nd period - Shot Misses the Net.
19:42 of 2nd period - Slapshot by Oliver Ekman-Larsson.
19:42 of 2nd period - Stopped by Darcy Kuemper with a rebound.
19:44 of 2nd period - Snap shot by Matt Boldy.
19:44 of 2nd period - Stopped by Darcy Kuemper without a rebound.
19:45 of 2nd period - Elias Lindholm wins face-off versus Anze Kopitar in Tampa Bay Lightning zone.
19:48 of 2nd period - Slapshot by Tyler Bertuzzi.
19:48 of 2nd period - Goal by Tyler Bertuzzi - Tampa Bay Lightning : 1 - Philadelphia Flyers : 4.
19:49 of 2nd period - Anze Kopitar wins face-off versus Matt Boldy in neutral zone.
19:52 of 2nd period - Slapshot by Vladislav Gavrikov.
19:52 of 2nd period - Shot Blocked by Oliver Ekman-Larsson.
Goals for this period are 0 for Tampa Bay Lightning vs 1 for Philadelphia Flyers.
Shots for this period are 9 for Tampa Bay Lightning vs 17 for Philadelphia Flyers.
3rd period
0:01 of 3rd period - Evan Rodrigues wins face-off versus Anze Kopitar in neutral zone.
0:22 of 3rd period - Minor Penalty to Kirill Kaprizov for Hooking.
0:23 of 3rd period - Anze Kopitar wins face-off versus Elias Lindholm in Tampa Bay Lightning zone.
2:22 of 3rd period - Penalty to Kirill Kaprizov is over, Kirill Kaprizov is back on ice.
2:26 of 3rd period - Icing by Alexander Edler.
2:27 of 3rd period - Alexander Barabanov wins face-off versus Lars Eller in Philadelphia Flyers zone.
2:36 of 3rd period - Ivan Barbashev is hit by Alexander Edler and loses puck.
3:01 of 3rd period - Slapshot by Roope Hintz.
3:01 of 3rd period - Shot Misses the Net.
3:24 of 3rd period - Wrist shot by Tomas Hertl.
3:24 of 3rd period - Deflect By Johnny Gaudreau.
3:24 of 3rd period - Shot Misses the Net.
3:24 of 3rd period - Puck is out of play.
3:25 of 3rd period - Anze Kopitar wins face-off versus Elias Lindholm in Philadelphia Flyers zone.
3:26 of 3rd period - Wrist shot by Kirill Kaprizov.
3:26 of 3rd period - Shot Blocked by Oliver Ekman-Larsson.
3:28 of 3rd period - Slapshot by Moritz Seider.
3:28 of 3rd period - Deflect By Gabriel Landeskog.
3:28 of 3rd period - Goal by Gabriel Landeskog - Tampa Bay Lightning : 2 - Philadelphia Flyers : 4.
3:29 of 3rd period - Tomas Hertl wins face-off versus Elias Lindholm in neutral zone.
4:12 of 3rd period - Minor Penalty to Oliver Ekman-Larsson for Hooking.
4:13 of 3rd period - Riley Sheahan wins face-off versus Tomas Hertl in Philadelphia Flyers zone.
4:13 of 3rd period - Riley Sheahan is hit by Tomas Hertl.
4:40 of 3rd period - Riley Sheahan is hit by Gabriel Landeskog.
5:02 of 3rd period - Snap shot by Tyler Bertuzzi.
5:02 of 3rd period - Shot Misses the Net.
6:12 of 3rd period - Penalty to Oliver Ekman-Larsson is over, Oliver Ekman-Larsson is back on ice.
6:35 of 3rd period - Snap shot by Alexander Barabanov.
6:35 of 3rd period - Shot Misses the Net.
6:37 of 3rd period - Slapshot by Ben Chiarot.
6:37 of 3rd period - Deflect By Gabriel Landeskog.
6:37 of 3rd period - Stopped by Darcy Kuemper with a rebound.
6:39 of 3rd period - Backhand shot by Riley Sheahan.
6:39 of 3rd period - Shot Blocked by Gabriel Landeskog.
6:41 of 3rd period - Slapshot by Ben Chiarot.
6:41 of 3rd period - Deflect By Roope Hintz.
6:41 of 3rd period - Stopped by Darcy Kuemper with a rebound.
6:43 of 3rd period - Snap shot by Justin Faulk.
6:43 of 3rd period - Stopped by Darcy Kuemper without a rebound.
6:44 of 3rd period - Lars Eller wins face-off versus T.J. Tynan in Tampa Bay Lightning zone.
6:57 of 3rd period - Darnell Nurse is hit by Alexander Edler.
7:10 of 3rd period - Icing by Artem Zub.
7:11 of 3rd period - Tomas Hertl wins face-off versus Matt Boldy in Philadelphia Flyers zone.
7:18 of 3rd period - Alexander Edler is hit by Connor Brown and loses puck.
7:43 of 3rd period - Wrist shot by Tomas Hertl.
7:43 of 3rd period - Stopped by Thomas Greiss with a rebound.
7:45 of 3rd period - Slapshot by Alexander Romanov.
7:45 of 3rd period - Stopped by Thomas Greiss with a rebound.
7:47 of 3rd period - Slapshot by Hampus Lindholm.
7:47 of 3rd period - Shot Misses the Net.
7:49 of 3rd period - Snap shot by Tomas Hertl.
7:49 of 3rd period - Stopped by Thomas Greiss without a rebound.
7:50 of 3rd period - Elias Lindholm wins face-off versus Anze Kopitar in Philadelphia Flyers zone.
7:50 of 3rd period - Elias Lindholm is hit by Alexander Romanov.
7:59 of 3rd period - Minor Penalty to Gabriel Landeskog for Hooking.
8:00 of 3rd period - Elias Lindholm wins face-off versus Tomas Hertl in Tampa Bay Lightning zone.
9:59 of 3rd period - Penalty to Gabriel Landeskog is over, Gabriel Landeskog is back on ice.
10:14 of 3rd period - Snap shot by Gabriel Landeskog.
10:14 of 3rd period - Shot Misses the Net.
10:32 of 3rd period - Wrist shot by Johnny Gaudreau.
10:32 of 3rd period - Shot Misses the Net.
10:46 of 3rd period - Riley Sheahan is hit by Kirill Kaprizov and loses puck.
11:08 of 3rd period - Elias Lindholm is hit by Dylan Cozens and loses puck.
11:25 of 3rd period - Matt Roy is hit by Connor Brown and loses puck.
11:54 of 3rd period - Elias Lindholm is hit by Darnell Nurse and loses puck.
12:24 of 3rd period - Slapshot by Vladislav Gavrikov.
12:24 of 3rd period - Shot Misses the Net.
12:28 of 3rd period - Wrist shot by Roope Hintz.
12:28 of 3rd period - Deflect By Dylan Cozens.
12:28 of 3rd period - Shot Blocked by Artem Zub.
12:28 of 3rd period - Puck is out of play.
12:29 of 3rd period - T.J. Tynan wins face-off versus Tomas Hertl in Philadelphia Flyers zone.
12:29 of 3rd period - Tomas Tatar is hit by Connor Brown.
12:33 of 3rd period - Johnny Gaudreau is hit by Matt Roy and loses puck.
12:45 of 3rd period - Minor Penalty to Vladislav Gavrikov for Hooking.
12:46 of 3rd period - Elias Lindholm wins face-off versus Anze Kopitar in Tampa Bay Lightning zone.
13:18 of 3rd period - Slapshot by Connor Brown.
13:18 of 3rd period - Shot Misses the Net.
13:57 of 3rd period - Matt Roy is hit by Darnell Nurse.
14:14 of 3rd period - Hampus Lindholm is hit by Tyler Bertuzzi and loses puck.
14:45 of 3rd period - Penalty to Vladislav Gavrikov is over, Vladislav Gavrikov is back on ice.
14:45 of 3rd period - Alexander Edler is hit by Lars Eller and loses puck.
15:18 of 3rd period - Carter Verhaeghe is hit by Christian Dvorak.
17:45 of 3rd period - Icing by Vladislav Gavrikov.
17:46 of 3rd period - Lars Eller wins face-off versus Elias Lindholm in Tampa Bay Lightning zone.
17:54 of 3rd period - Minor Penalty to Christian Dvorak for Hooking.
17:55 of 3rd period - Anze Kopitar wins face-off versus Elias Lindholm in Tampa Bay Lightning zone.
18:00 of 3rd period - Wrist shot by Tyler Bertuzzi.
18:00 of 3rd period - Stopped by Darcy Kuemper without a rebound.
18:01 of 3rd period - Anze Kopitar wins face-off versus Elias Lindholm in Tampa Bay Lightning zone.
18:17 of 3rd period - Off-side.
18:18 of 3rd period - Anze Kopitar wins face-off versus Evan Rodrigues in neutral zone.
19:12 of 3rd period - Wrist shot by Lars Eller.
19:12 of 3rd period - Deflect By Connor Brown.
19:12 of 3rd period - Shot Misses the Net.
19:12 of 3rd period - Puck is out of play.
19:13 of 3rd period - Anze Kopitar wins face-off versus Elias Lindholm in Philadelphia Flyers zone.
19:54 of 3rd period - Penalty to Christian Dvorak is over, Christian Dvorak is back on ice.
Goals for this period are 1 for Tampa Bay Lightning vs 0 for Philadelphia Flyers.
Shots for this period are 4 for Tampa Bay Lightning vs 4 for Philadelphia Flyers.
Back to the Top